 Dungeon Crawl Stone Soup version 0.18.1-50-g88ac8fd (webtiles) character file.

99 Fiskpinne the Firebug (level 5, 0/28 HPs)
             Began as a Kobold Fire Elementalist on Oct 1, 2016.
             Succumbed to an adder's poison
             ... on level 2 of the Dungeon.
             The game lasted 00:12:00 (2391 turns).

Fiskpinne the Firebug (Kobold Fire Elementalist)    Turns: 2391, Time: 00:12:01

Health: 0/28       AC:  2    Str:  6    XL:     5   Next: 2%
Magic:  1/8        EV: 15    Int: 14    God:
Gold:   54         SH:  0    Dex: 17    Spells: 2 memorised, 6 levels left

rFire  + . .     SeeInvis .     l - +0 hunting sling (flame)
rCold  x . .     Gourm    .     a - +0 robe
rNeg   . . .     Faith    .     (shield restricted)
rPois  .         Spirit   .     (no helmet)
rElec  .         Dismiss  .     (no cloak)
rCorr  .         Reflect  .     (no gloves)
SustAt .         Harm     .     (no boots)
MR     .....                    (no amulet)
Stlth  ++........               (no ring)
                                n - ring of fire

@: lethally poisoned (0 -> -2), not resistant to hostile enchantments,
unstealthy
A: carnivore 3
a: no special abilities


You were on level 2 of the Dungeon.
You were very full.

You visited 1 branch of the dungeon, and saw 2 of its levels.

You collected 54 gold pieces.

Inventory:

Hand Weapons
 l - a +0 hunting sling of flaming (weapon)
Missiles
 h - 174 stones (quivered)
Armour
 a - a +0 robe (worn)
Jewellery
 n - a ring of fire (left hand)
Scrolls
 f - a scroll of remove curse {unknown}
 g - a scroll of amnesia {unknown}
 j - a scroll of identify {unknown}
Potions
 m - a potion of cancellation
Books
 b - a book of Flames

   Spells                             Type                      Level
   a - Flame Tongue                   Conjuration/Fire             1
   b - Throw Flame                    Conjuration/Fire             2
   c - Conjure Flame                  Conjuration/Fire             3
   d - Inner Flame                    Hexes/Fire                   3
   e - Sticky Flame                   Conjuration/Fire             4
   f - Fireball                       Conjuration/Fire             5
Comestibles
 c - a meat ration
 k - 2 beef jerkies


   Skills:
 - Level 2.4 Dodging
 - Level 2.6 Stealth
 + Level 2.6 Spellcasting
 * Level 3.0 Conjurations
 + Level 3.5 Fire Magic


You had 6 spell levels left.
You knew the following spells:

 Your Spells              Type           Power        Failure   Level  Hunger
a - Flame Tongue          Conj/Fire      ###..        10%         1    #......
b - Throw Flame           Conj/Fire      ###...       12%         2    ###....


Dungeon Overview and Level Annotations

Branches:
Dungeon (2/15)

Altars:
Cheibriados
Okawaru
Trog


Innate Abilities, Weirdness & Mutations

You are small and have problems with some larger weapons.
You are carnivorous and can eat meat at any time.


Message History

* * * LOW HITPOINT WARNING * * *
Casting: Flame Tongue
Confirm with . or Enter, or press ? or * to list all spells.
Aiming: Flame Tongue
Press: ? - help, Shift-Dir - straight line, f/p - goblin
Aim: a goblin, wielding a club (severely wounded)
You feel a surge of power!
The flame tongue hits the goblin.
You kill the goblin!
* * * LOW HITPOINT WARNING * * *
You feel sick.
Things that are here:
a club; a goblin corpse You see here 2 stones.
* * * LOW HITPOINT WARNING * * *
You feel sick.
You see here 2 stones.
Things that are here:
a club; a goblin corpse
There is an open gate here.
You die...

#################
#......#...#..≈≈##
#......'...'g.≈≈≈# #####
#......#...#..≈≈≈## #....
#''##..#########≈≈# #.###
#...#..........#≈≈## #.###
#...#..........'...##########.#..
#gg.#....)...()'@..(......)...#.#
#...#....).....'...##########....
#...#.....)....#≈≈## ###..
#...#..#########≈≈# #.# #..g#..#
≈≈≈## #.. ##+##..'...'..≈≈≈# ##.
####...#..≈≈## ## ####..≈≈ #
...≈≈ ###


There were no monsters in sight!

Vanquished Creatures
  Ijyb (D:2)
  An adder (D:2)
  A worm (D:2)
  2 giant geckos
  3 bats
  2 giant cockroaches (D:2)
  15 goblins
  7 hobgoblins
  3 jackals (D:2)
  9 kobolds
  A quokka (D:2)
  4 ball pythons
  A giant newt (D:2)
  6 rats
56 creatures vanquished.

Notes
Turn   | Place    | Note
--------------------------------------------------------------
     0 | D:1      | Fiskpinne the Kobold Fire Elementalist began the quest for the Orb.
     0 | D:1      | Reached XP level 1. HP: 10/10 MP: 3/3
    22 | D:1      | Reached skill level 1 in Conjurations
   288 | D:1      | Reached XP level 2. HP: 15/15 MP: 3/5
   944 | D:1      | Learned a level 2 spell: Throw Flame
   959 | D:1      | Reached XP level 3. HP: 19/19 MP: 4/6
  1144 | D:2      | Found a snail-covered altar of Cheibriados.
  1206 | D:2      | Found an iron altar of Okawaru.
  1207 | D:2      | Found a bloodstained altar of Trog.
  1616 | D:2      | Reached XP level 4. HP: 15/24 MP: 3/7
  2037 | D:2      | Noticed Ijyb
  2277 | D:2      | Killed Ijyb
  2372 | D:2      | Reached XP level 5. HP: 6/28 MP: 1/8
  2387 | D:2      | HP: 1/28 [poisoned by an adder]
  2391 | D:2      | Succumbed to an adder's poison

Skill      XL: |  1  2  3  4 |
---------------+-------------+-----
Conjurations   | 1 2 3 |  3.0
Dodging        | |  2.4
Stealth        | |  2.6
Spellcasting   | |  2.6
Fire Magic     | |  3.5

Action                   |  1- 3 |  4- 6 || total
-------------------------+-------+-------++-------
Melee: Unarmed           |    12 |       ||    12
 Fire: Hunting sling     |     9 |    13 ||    22
Throw: Stone             |     3 |       ||     3
 Cast: Flame Tongue      |    65 |    24 ||    89
       Throw Flame       |       |     8 ||     8
  Use: Potion            |       |     2 ||     2
       Scroll            |       |     1 ||     1
  Eat: Chunk             |    12 |     1 ||    13
Armor: Robe              |    13 |     1 ||    14
Dodge: Dodged            |    29 |    33 ||    62
